 Dungeon Crawl Stone Soup version 0.23-a0-625-g1d2cd9b (webtiles) character file.

64 Leeroy the Slasher (level 4, -2/34 HPs)
             Began as a Barachi Skald on Dec 24, 2018.
             Slain by a gnoll
             ... wielding a cursed -2 halberd
              (15 damage)
             ... on level 3 of the Dungeon.
             The game lasted 00:05:32 (2444 turns).

Leeroy the Slasher (Barachi Skald)                  Turns: 2444, Time: 00:05:33

Health: -2/34      AC:  3    Str: 13    XL:     4   Next: 12%
Magic:  3/7        EV: 12    Int: 14    God:
Gold:   72         SH:  0    Dex: 11    Spells: 1/7 levels left

rFire    . . .     SeeInvis .   a - +0 falchion
rCold    . . .     Gourm    .   (no shield)
rNeg     . . .     Faith    .   b - +0 leather armour
rPois    .         Spirit   .   (no helmet)
rElec    .         Reflect  .   (no cloak)
rCorr    .         Harm     .   (no gloves)
MR       .....                  (no boots)
Stlth    +.........             (no amulet)
HPRegen  0.11/turn              (no ring)
MPRegen  0.10/turn              (no ring)

@: slow
A: +LOS, swims, slowness 1, strong legs 1
a: Hop


You were on level 3 of the Dungeon.
You were very hungry.

You visited 1 branch of the dungeon, and saw 3 of its levels.

You collected 72 gold pieces.

Inventory:

Hand Weapons
 a - a +0 falchion (weapon)
 c - a +0 spear
 e - a +0 dagger
 j - a +0 short sword
 r - a +0 hunting sling
 s - a +0 spear
Missiles
 g - 29 stones (quivered)
 n - 17 bolts
 p - 13 arrows
 u - 8 tomahawks
Armour
 b - a +0 leather armour (worn)
Jewellery
 f - an uncursed ring of stealth {unknown}
Scrolls
 h - 2 scrolls of identify {unknown}
 l - a scroll of remove curse {unknown}
 o - 2 scrolls of amnesia {unknown}
 t - a scroll of random uselessness {unknown}
Potions
 i - a potion of degeneration {unknown}
 k - a potion of might {unknown}
 m - a potion of haste {unknown}
Comestibles
 d - 3 rations


   Skills:
 - Level 2.4 Fighting
 + Level 4.8 Long Blades
 - Level 0.1 Throwing
 + Level 2.1 Armour
 - Level 2.1 Dodging
 - Level 2.1 Spellcasting
 - Level 3.2 Charms


You had one spell level left.
You knew the following spells:

 Your Spells              Type           Power        Failure   Level  Hunger
a - Infusion              Chrm           ##..         8%          1    #......
b - Spectral Weapon       Hex/Chrm       #.......     41%         3    ###....
c - Shroud of Golubria    Chrm/Tloc      #.........   22%         2    ###....

Your spell library contained the following spells:

 Spells                   Type           Power        Failure   Level  Hunger
 Song of Slaying          Chrm           ##......     12%         2    ###....
 Regeneration             Chrm/Necr      #.........   41%         3    ###....


Dungeon Overview and Level Annotations

Branches:
Dungeon (3/15)

Altars:


Innate Abilities, Weirdness & Mutations

Shadows flee at your approach. (+LOS)
You can swim through water.
You cover ground slowly.
You can hop short distances.


Message History

The gnoll is moderately wounded.
The gnoll closely misses you.
There is a stone staircase leading up, spattered with blood here.
Unknown command.
Casting: Shroud of Golubria (safe; 22% risk of failure)
Confirm with . or Enter, or press ? or * to list all spells.
Okay, then.
Casting: Shroud of Golubria (safe; 22% risk of failure)
Confirm with . or Enter, or press ? or * to list all spells.
You draw out your weapon's spirit!
The gnoll hits you from afar with a +0 halberd!
Your shroud falls apart!
The gnoll closely misses you. The gnoll completely misses you.
You riposte.
You slash the gnoll!
The gnoll is heavily wounded.
You hit the gnoll.
The gnoll is heavily wounded.
The gnoll misses you. The gnoll hits you with a +0 club.
The gnoll hits you with a cursed -2 halberd!
You die...

# #.### #.#..
#.#.# #....
#...####
#.... .#
##..##.#
#..gg@.#
#...g#(# #
#.>....# #.#
#..#.#.# ..
#..#+###
#.##.#......#
#...........#
####........#
....!.######


You could see 3 gnolls and a friendly spectral +0 falchion.

Vanquished Creatures
  An adder (D:2)
  2 oozes
  2 worms (D:2)
  A dart slug (D:1)
  A leopard gecko (D:2)
  A ball python (D:2)
  3 giant cockroaches
  4 goblins
  7 hobgoblins
  6 bats
  2 frilled lizards (D:1)
  7 kobolds
  A rat (D:1)
38 creatures vanquished.

Notes
Turn   | Place    | Note
-------+----------+-------------------------------------------
     0 | D:1      | Leeroy the Barachi Skald began the quest for the Orb.
     0 | D:1      | Reached XP level 1. HP: 17/17 MP: 3/3
    78 | D:1      | Reached skill level 3 in Long Blades
    80 | D:1      | Reached XP level 2. HP: 11/23 MP: 3/5
   856 | D:1      | Reached XP level 3. HP: 28/28 MP: 6/6
   861 | D:1      | Learned a level 3 spell: Spectral Weapon
   864 | D:1      | Learned a level 2 spell: Shroud of Golubria
   950 | D:1      | Reached skill level 4 in Long Blades
  1932 | D:2      | Reached XP level 4. HP: 7/34 MP: 7/7
  2444 | D:3      | Slain by a gnoll

Vault maps used:
D:1:      matt_arrival_grand_opening
D:3:      first_ration, serial_curves, eino_curves_04, eino_curves_01,
          eino_curves_01

Skill      XL: |  1  2  3 |
---------------+----------+-----
Long Blades    | 3 4 |  4.8
Armour         | 2 |  2.1
Fighting       | |  2.4
Throwing       | |  0.1
Dodging        | |  2.1
Spellcasting   | |  2.1
Charms         | |  3.2

Action                   |  1- 3 |  4- 6 || total
-------------------------+-------+-------++-------
Melee: Falchion          |   128 |     5 ||   133
Throw: Stone             |     1 |       ||     1
 Cast: Infusion          |     3 |       ||     3
       Shroud of Golubri |       |     1 ||     1
       Spectral Weapon   |       |     1 ||     1
 Abil: Hop               |     1 |       ||     1
  Use: Potion            |     2 |       ||     2
  Eat: Chunk             |     4 |     1 ||     5
Armor: Leather armour    |    37 |     1 ||    38
Dodge: Dodged            |    96 |    11 ||   107
       Rpst.: Falchion   |    30 |     3 ||    33

Table legend:
 A = Non-vault XP
 B = Vault XP
 C = Vault XP percentage of total XP
 D = Non-vault monster count
 E = Vault monster count
 F = Vault count percentage of total count
                 A         B        C        D         E       F
            +---------+---------+-------+---------+---------+-------
      Total |      92 |       0 |   0.0 |      38 |       0 |   0.0
            +---------+---------+-------+---------+---------+-------
        D:1 |      45 |       0 |   0.0 |      25 |       0 |   0.0
        D:2 |      47 |       0 |   0.0 |      13 |       0 |   0.0
            +---------+---------+-------+---------+---------+-------
